 Dungeon Crawl Stone Soup version 0.21.0-24-g2553a3340b (webtiles) character file.

37 Rrauwl the Skirmisher (level 3, -2/40 HPs)
             Began as an Ogre Fighter on Jan 20, 2018.
             Slain by Sigmund
             ... wielding a +1 scythe of freezing
              (3 damage)
             ... on level 2 of the Dungeon.
             The game lasted 00:03:20 (1360 turns).

Rrauwl the Skirmisher (Ogre Fighter)                Turns: 1360, Time: 00:03:21

Health: -2/40      AC:  8    Str: 25    XL:     3   Next: 39%
Magic:  3/3        EV:  8    Int:  9    God:
Gold:   63         SH:  9    Dex:  9    Spells: 2/2 levels left

rFire    . . .     SeeInvis .   a - +0 flail
rCold    . . .     Gourm    .   c - +0 shield
rNeg     . . .     Faith    .   b - +0 robe
rPois    .         Spirit   .   (helmet restricted)
rElec    .         Reflect  .   (no cloak)
rCorr    .         Harm     .   (gloves unavailable)
MR       .....     Clarity  +   (boots unavailable)
Stlth    +.........             (no amulet)
HPRegen  0.13/turn              h - +5 ring of protection
MPRegen  0.08/turn              (no ring)

@: mighty
A: large, unfitting armour, clarity, tough skin 1, evolution 1
a: no special abilities


You were on level 2 of the Dungeon.
You were hungry.

You visited 1 branch of the dungeon, and saw 2 of its levels.

You collected 63 gold pieces.

Inventory:

Hand Weapons
 a - a +0 flail (weapon)
Armour
 b - a +0 robe (worn)
 c - a +0 shield (worn)
Jewellery
 h - a +5 ring of protection (left hand)
Scrolls
 e - a scroll of amnesia {unknown}
 i - a scroll of teleportation {unknown}
 k - a scroll of remove curse {unknown}
Potions
 j - a potion of mutation
Comestibles
 f - 2 rations
 g - a chunk of flesh


   Skills:
 + Level 4.6 Fighting
 + Level 2.3 Maces & Flails
 - Level 3.0 Dodging
 - Level 3.0 Shields


You had 2 spell levels left.
You didn't know any spells.

Dungeon Overview and Level Annotations

Branches:
Dungeon (2/15)

Altars:

Annotations:
D:2 Sigmund


Innate Abilities, Weirdness & Mutations

You are too large for most types of armour.
You have tough skin. (AC +1)
You possess an exceptional clarity of mind.
You evolve.


Message History

You feel nature experimenting on you.
Don't worry, failures die fast.
Something hits you!
* * * LOW HITPOINT WARNING * * *
Something freezes you.
* * * LOW HITPOINT WARNING * * *
It was a potion of heal wounds.
You feel much better.
You closely miss something. Something hits you but does no damage.
Your shield prevents you from hitting something.
You hear some strange, mumbled words.
A magic dart appears from out of thin air!
The magic dart hits you!
You closely miss something. Something hits you. Something freezes you.
You barely miss something. Something hits you! Something freezes you.
* * * LOW HITPOINT WARNING * * *
You miss something. Something hits you.
* * * LOW HITPOINT WARNING * * *
Something freezes you.
* * * LOW HITPOINT WARNING * * *
You barely miss something. Something hits you.
You die...

########
#......#
#......###
#........#
#.<....#.#######
#.........(.....
#######........(
#.@.h†..........
#######..(...)..
#......[..
#........<
########.! #


You could see a jackal.

Vanquished Creatures
  An ooze (D:1)
  3 leopard geckos (D:1)
  A giant cockroach (D:1)
  2 goblins (D:1)
  3 hobgoblins (D:1)
  3 jackals (D:2)
  6 kobolds (D:1)
  2 bats (D:1)
  2 frilled lizards (D:1)
  4 rats (D:1)
  A plant (D:1)
28 creatures vanquished.

Notes
Turn   | Place    | Note
-------+----------+-------------------------------------------
     0 | D:1      | Rrauwl the Ogre Fighter began the quest for the Orb.
     0 | D:1      | Reached XP level 1. HP: 24/24 MP: 1/1
   380 | D:1      | Reached XP level 2. HP: 32/32 MP: 2/2
  1028 | D:1      | Reached XP level 3. HP: 40/40 MP: 3/3
  1330 | D:2      | Noticed Sigmund
  1353 | D:2      | Gained mutation: You are frail. (-10% HP) [potion of mutation]
  1353 | D:2      | Gained mutation: You possess an exceptional clarity of mind. [potion of mutation]
  1353 | D:2      | Lost mutation: You are frail. (-10% HP) [potion of mutation]
  1353 | D:2      | Gained mutation: You evolve. [potion of mutation]
  1353 | D:2      | HP: 2/40 [something (1)]
  1359 | D:2      | HP: 1/40 [something (2)]
  1360 | D:2      | Slain by Sigmund

Skill      XL: |  1  2  3 |
---------------+----------+-----
Maces & Flails | 2 |  2.3
Shields        | 3 |  3.0
Dodging        | 3 |  3.0
Fighting       | |  4.6

Action                   || total
-------------------------++-------
Melee: Flail             ||   119
  Use: Potion            ||     3
  Eat: Chunk             ||     1
Armor: Robe              ||    46
Dodge: Dodged            ||    39
Block: Shield            ||    48
